[Event "*** SCC Grand Prix: Titled Tuesday Blitz"]
[Site "Chess.com"]
[Date "2020.10.13"]
[Round "4"]
[White "louis198"]
[Black "GMSrinath"]
[Result "1-0"]
[WhiteElo "2585"]
[BlackElo "2806"]
[TimeControl "180+1"]
[EndTime "10:36:56 PDT"]
[Termination "louis198 won by resignation"]

1. d4 f5 2. Bf4 Nf6 3. e3 d6 4. Bc4 Nc6 5. a4 e5 6. Bg3 f4 7. exf4 exd4 8. Ne2 d5 9. Bb5 Bb4+ 10. Nd2 Ne4 11.
c3 dxc3 12. bxc3 Nxc3 13. Nxc3 Bxc3 14. O-O O-O 15. Rc1 Bf6 16. Bxc6 b6 17. Bxa8 Ba6 18.
Bc6 Bxf1 19. Nxf1 d4 20. Qd3 Kh8 21. Nd2 Qe7 22. Nf3 Rd8 23. Ne5 a5 24. h3 Qe6 25.
Be4 Bxe5 26. fxe5 c5 27. Bf5 Qc6 28. e6 Qxa4 29. Bc7 Re8 30. Bxb6 Qc6 31. Bxc5 Qd5 32. Bxd4 1-0

[Event "*** SCC Grand Prix: Titled Tuesday Blitz"]
[Site "Chess.com"]
[Date "2020.10.13"]
[Round "4"]
[White "Oglob71"]
[Black "MVM2008"]
[Result "0-1"]
[WhiteElo "2487"]
[BlackElo "2194"]
[TimeControl "180+1"]
[EndTime "10:37:01 PDT"]
[Termination "MVM2008 won by resignation"]

1. d4 Nf6 2. Nf3 d5 3. c4 e6 4. Qc2 b6 5. Bg5 Bb7 6. cxd5 exd5 7. Nc3 c6 8. e3 Bd6 9. Bd3 Nbd7 10. O-O h6 11. Bh4 O-O 12. e4 dxe4 13. Nxe4 Be7 14. Bg3 Nxe4 15. Bxe4 Nf6 16. Rfe1 Nxe4 17. Qxe4 Bf6 18.
Be5 Bxe5 19. dxe5 Qe7 20. e6 c5 21. exf7+ Qxf7 22. Qe6 Bxf3 23. gxf3 Qxe6 24. Rxe6 Rxf3 25. Rd1 Raf8 26. Rd2 R3f7 27. Kg2 Rc7 28. h4 Rfc8 29.
Red6 c4 30. Rd8+ Rxd8 31. Rxd8+ Kh7 32. Kg3 c3 33. bxc3 Rxc3+ 34. Kg4 Ra3 35. Rd3 Rxd3 0-1

[Event "*** SCC Grand Prix: Titled Tuesday Blitz"]
[Site "Chess.com"]
[Date "2020.10.13"]
[Round "4"]
[White "Snegokhod"]
[Black "oogee"]
[Result "1-0"]
[WhiteElo "2412"]
[BlackElo "2235"]
[TimeControl "180+1"]
[EndTime "10:37:01 PDT"]
[Termination "Snegokhod won by resignation"]

1. e4 c5 2. Nf3 d6 3. d4 cxd4 4. Qxd4 a6 5. Be3 Nc6 6. Qb6 Qxb6 7. Bxb6 Nf6 8. Nc3 Nd7 9. Nd5 Nxb6 10. Nxb6 Rb8 11. O-O-O Bg4 12. Be2 Ne5 13. Nxe5 Bxe2 14.
Rd2 Bb5 15. Nf3 g6 16. Kb1 Bg7 17. Nd4 Bc6 18. f3 O-O 19. Rhd1 Rfd8 20. c4 Be8 21. b3 f5 22. Ne6 Bh6 23. Re2 fxe4 24. fxe4 Bc6 25.
Nxd8 Rxd8 26. g4 Rf8 27. h4 Rf4 28. Nd5 Rxg4 29. Nxe7+ Kf7 30. Nxc6 bxc6 31. Rxd6 Rg1+ 32. Kc2 Rc1+ 33. Kb2 Rh1 34. Rxc6 1-0

[Event "*** SCC Grand Prix: Titled Tuesday Blitz"]
[Site "Chess.com"]
[Date "2020.10.13"]
[Round "4"]
[White "Rozum_Ivan"]
[Black "juancruzarias"]
[Result "1-0"]
[WhiteElo "2747"]
[BlackElo "2524"]
[TimeControl "180+1"]
[EndTime "10:37:02 PDT"]
[Termination "Rozum_Ivan won by resignation"]

1. d4 Nf6 2. Nf3 c5 3. e3 e6 4.
b3 b6 5. Bb2 Bb7 6. Bd3 Nc6 7.
a3 Be7 8. O-O O-O 9. Nbd2 cxd4 10. exd4 Nd5 11. Re1 f5 12. Bf1 Rf6 13. c4 Nf4 14. d5 Rg6 15. g3 Nb8 16. Ne5 Bf6 17. Nxg6 Nxg6 18. Bxf6 Qxf6 19. Nf3 e5 20. Qd2 h6 21.
Bg2 d6 22. h4 Nd7 23. h5 Nh8 24. Nh4 Nc5 25. Qc2 e4 26. Rad1 Rf8 27. Bh3 Bc8 28.
b4 Nd3 29. Rxd3 exd3 30. Qxd3 f4 31. Bxc8 fxg3 32. Be6+ Nf7 33. fxg3 Qg5 34. Rf1 Qxh5 35. Qg6 1-0

[Event "*** SCC Grand Prix: Titled Tuesday Blitz"]
[Site "Chess.com"]
[Date "2020.10.13"]
[Round "4"]
[White "PowerThinking2650"]
[Black "Khnykin_Nikolay"]
[Result "1-0"]
[WhiteElo "2375"]
[BlackElo "2052"]
[TimeControl "180+1"]
[EndTime "10:37:03 PDT"]
[Termination "PowerThinking2650 won by resignation"]

1. e4 e6 2. d4 d5 3. Nd2 dxe4 4. Nxe4 Nf6 5. Nxf6+ Qxf6 6. Nf3 h6 7. Bd3 Bd6 8. O-O O-O 9. Re1 Nc6 10. c3 b6 11. Be4 Bb7 12. Ne5 Nxe5 13. dxe5 Bxe5 14. Bxb7 Rab8 15. Qf3 Qh4 16. g3 Qh3 17. Rxe5 Rfd8 18. Be3 Rd3 19. Rh5 Qxh5 20. Qxh5 Rxb7 21. Rd1 Rxd1+ 22. Qxd1 Rb8 23. Bf4 Re8 24. Bxc7 g5 25. Qd7 Rf8 26. Bd6 Ra8 27. Be7 a5 28. a4 Rb8 29.
Bd6 Ra8 30. Be5 Rf8 31. Qe7 Rc8 32. Qf6 Kf8 33. Qh8+ Ke7 34. Qxc8 f6 35. Qc7+ 1-0

[Event "*** SCC Grand Prix: Titled Tuesday Blitz"]
[Site "Chess.com"]
[Date "2020.10.13"]
[Round "4"]
[White "TheMagnet"]
[Black "Akmal_Fayzullaev"]
[Result "0-1"]
[WhiteElo "2594"]
[BlackElo "2416"]
[TimeControl "180+1"]
[EndTime "10:37:04 PDT"]
[Termination "Akmal_Fayzullaev won by resignation"]

1. d4 Nf6 2. c4 c5 3. d5 g6 4. Nc3 Bg7 5. e4 d6 6. f4 O-O 7. Nf3 e6 8. Be2 exd5 9. cxd5 Bg4 10. O-O Re8 11. h3 Bxf3 12. Bxf3 Nbd7 13. Re1 a6 14.
Be3 b5 15. Bf2 Rc8 16. g4 Nb6 17. g5 Nfd7 18. a3 Nc4 19. Qc2 Ndb6 20. Rab1 b4 21.
Na4 Nxa4 22. Qxa4 Nxb2 23. Qxa6 Ra8 24. Qe2 bxa3 25. Ra1 c4 26. Rec1 Nd3 27. Be3 Nxc1 28. Rxc1 a2 0-1

[Event "*** SCC Grand Prix: Titled Tuesday Blitz"]
[Site "Chess.com"]
[Date "2020.10.13"]
[Round "4"]
[White "davigator"]
[Black "blitzking1729"]
[Result "0-1"]
[WhiteElo "2346"]
[BlackElo "2542"]
[TimeControl "180+1"]
[EndTime "10:37:07 PDT"]
[Termination "blitzking1729 won by resignation"]

1. e4 Nf6 2. e5 Nd5 3. d4 d6 4.
c4 Nb6 5. f4 dxe5 6. fxe5 c5 7.
dxc5 Qxd1+ 8. Kxd1 N6d7 9. e6 fxe6 10. b4 a5 11. Nc3 axb4 12. Nb5 Na6 13. Be3 g6 14.
Rb1 Bg7 15. Rxb4 O-O 16. Ra4 Rxf1+ 17. Ke2 Rf8 18. Nf3 Ne5 19. Nxe5 Bxe5 20. g3 Bd7 21. Rb1 Bc6 22. Ra3 Nc7 23. Rbb3 Rxa3 24. Rxa3 Nxb5 25. cxb5 Bxb5+ 26. Kd2 Bc6 27. Ra7 Rd8+ 28. Ke2 Bd4 29. a4 Bxe3 30. Kxe3 Rd5 31. Ra5 Kg7 32. h3 Rd1 33.
Ra7 Ra1 34. a5 Ra4 35. Ra8 Rc4 36. a6 bxa6 37. Ra7 Rxc5 38. Rxe7+ Kf6 39. Rxh7 Rc3+ 40. Kf2 Rf3+ 0-1

[Event "*** SCC Grand Prix: Titled Tuesday Blitz"]
[Site "Chess.com"]
[Date "2020.10.13"]
[Round "4"]
[White "Shield12"]
[Black "IMDT02"]
[Result "1-0"]
[WhiteElo "2830"]
[BlackElo "2570"]
[TimeControl "180+1"]
[EndTime "10:37:08 PDT"]
[Termination "Shield12 won by resignation"]

1. e4 c5 2. Nf3 Nc6 3. d4 cxd4 4. Nxd4 Nf6 5. Nc3 d6 6. Bg5 e6 7. Qd2 a6 8. O-O-O Bd7 9. f4 h6 10. Bh4 b5 11. Bxf6 gxf6 12. Kb1 Qb6 13. Nxc6 Bxc6 14. f5 h5 15. fxe6 fxe6 16. Bd3 Bh6 17. Qe2 Bf4 18. Nd5 Bxd5 19. exd5 e5 20. g3 Be3 21. Rhf1 O-O 22. Qxh5 Qc7 23. Qg4+ Qg7 24. Qe6+ Qf7 25. Rxf6 Qxe6 26. Rxe6 Bc5 27. a3 a5 28. Bxb5 Rab8 29. a4 Rf2 30. h4 Rbf8 31. h5 Rg2 32. Rg6+ Kh8 33. Bd3 Rg8 34. Rf1 Rxg3 35. Rh6+ 1-0

[Event "*** SCC Grand Prix: Titled Tuesday Blitz"]
[Site "Chess.com"]
[Date "2020.10.13"]
[Round "4"]
[White "Chamal_Gedgafov"]
[Black "sopo-tereladze"]
[Result "1-0"]
[WhiteElo "2172"]
[BlackElo "2277"]
[TimeControl "180+1"]
[EndTime "10:37:10 PDT"]
[Termination "Chamal_Gedgafov won by resignation"]

1. d4 Nf6 2. c4 e6 3. Nc3 Bb4 4. e3 O-O 5. Ne2 d6 6. a3 Bxc3+ 7. Nxc3 e5 8. Be2 Nc6 9. O-O Re8 10. d5 Ne7 11. Qc2 e4 12. Nxe4 Nexd5 13. Nxf6+ Nxf6 14. Bf3 Rb8 15. b4 Bg4 16. Bxg4 Nxg4 17. Bb2 Qh4 18. h3 Ne5 19. Qc3 f6 20. Rad1 Re7 21.
c5 dxc5 22. Qxc5 Rbe8 23. Qxa7 b6 24. Qb7 Nc4 25. Rd4 Re4 26. Qd5+ Kh8 27. Qxc4 h6 28.
Rxe4 Rxe4 29. Qxc7 Rc4 30. Qd8+ Kh7 31. Qd3+ Qe4 32.
Qxe4+ Rxe4 33. Bd4 1-0

[Event "*** SCC Grand Prix: Titled Tuesday Blitz"]
[Site "Chess.com"]
[Date "2020.10.13"]
[Round "4"]
[White "mamonika"]
[Black "anpospan"]
[Result "0-1"]
[WhiteElo "1986"]
[BlackElo "2371"]
[TimeControl "180+1"]
[EndTime "10:37:16 PDT"]
[Termination "anpospan won by checkmate"]

1. e4 b6 2. d4 Bb7 3. Bd3 e6 4. Ne2 Nf6 5. Nbc3 d6 6. O-O e5 7. f4 Nbd7 8. d5 Be7 9. Ng3 g6 10. fxe5 dxe5 11. Bh6 Bf8 12. Qd2 Bc5+ 13. Kh1 Ng4 14.
Bg5 f6 15. Qe2 h5 16. Bd2 f5 17. exf5 Qh4 18. Nxh5 Qxh2# 0-1

[Event "*** SCC Grand Prix: Titled Tuesday Blitz"]
[Site "Chess.com"]
[Date "2020.10.13"]
[Round "4"]
[White "IvanSoriano1"]
[Black "Fy_Rakotomaharo"]
[Result "0-1"]
[WhiteElo "2503"]
[BlackElo "2658"]
[TimeControl "180+1"]
[EndTime "10:37:21 PDT"]
[Termination "Fy_Rakotomaharo won by resignation"]

1. e4 e5 2. Nf3 Nc6 3. Bb5 a6 4.
Ba4 Nf6 5. O-O Bc5 6. c3 b5 7. Bc2 d5 8. exd5 Qxd5 9. d3 Bg4 10. Nbd2 O-O 11. Qe2 Rad8 12. Ne4 Bb6 13. Nxf6+ gxf6 14. Bh6 Rfe8 15. Bb3 Qxd3 16. Qxd3 Rxd3 17. h3 Be6 18. Bc2 Rdd8 19. Rae1 Ne7 20. Nh4 Bc4 21. Kh2 Rd6 22. Rh1 Bxf2 23. Re4 f5 24. Nxf5 Nxf5 25. Rg4+ Kh8 26.
Bg5 f6 27. Bxf5 fxg5 0-1

[Event "*** SCC Grand Prix: Titled Tuesday Blitz"]
[Site "Chess.com"]
[Date "2020.10.13"]
[Round "4"]
[White "Ginger_GM"]
[Black "HrvojeZagreb"]
[Result "1-0"]
[WhiteElo "2596"]
[BlackElo "2164"]
[TimeControl "180+1"]
[EndTime "10:37:21 PDT"]
[Termination "Ginger_GM won by resignation"]

1. d4 e6 2. Nf3 f5 3. e4 fxe4 4.
Ng5 Nf6 5. f3 d5 6. fxe4 dxe4 7.
Bc4 c5 8. Bxe6 cxd4 9. Bf7+ Ke7 10.
Bb3 Bg4 11. Qd2 Qb6 12. Qf4 Qa5+ 13. Bd2 Qf5 14. Qc7+ Nbd7 15. Bb4+ 1-0

[Event "*** SCC Grand Prix: Titled Tuesday Blitz"]
[Site "Chess.com"]
[Date "2020.10.13"]
[Round "4"]
[White "Barmen_EV"]
[Black "Bigfish1995"]
[Result "0-1"]
[WhiteElo "2501"]
[BlackElo "3100"]
[TimeControl "180+1"]
[EndTime "10:37:23 PDT"]
[Termination "Bigfish1995 won on time"]

1. d4 d5 2. c4 e6 3. Nc3 h6 4. Nf3 Nf6 5. Bf4 Bb4 6. a3 Bxc3+ 7. bxc3 dxc4 8. Qa4+ Bd7 9. Qxc4 c5 10. Qxc5 Nd5 11. Bxb8 Rxb8 12. e4 b6 13. Qd6 Nxc3 14. Bd3 Rc8 15.
O-O Qc7 16. Qb4 a5 17. Qb2 Na4 18. Qe2 O-O 19. Ne5 Rfd8 20. Qe3 Be8 21. Rac1 Qd6 22. Rxc8 Rxc8 23. Nc4 Qd8 24. Rd1 b5 25. Ne5 Rc3 0-1

[Event "*** SCC Grand Prix: Titled Tuesday Blitz"]
[Site "Chess.com"]
[Date "2020.10.13"]
[Round "4"]
[White "GHANDEEVAM2003"]
[Black "bascheyaro"]
[Result "0-1"]
[WhiteElo "3044"]
[BlackElo "2736"]
[TimeControl "180+1"]
[EndTime "10:37:24 PDT"]
[Termination "bascheyaro won by resignation"]

1. e4 e6 2. d3 d5 3. Qe2 Nf6 4.
g3 c5 5. Bg2 Nc6 6. c3 dxe4 7.
dxe4 Ne5 8. Be3 Nfg4 9. Nf3 Nd3+ 10.
Kf1 Nxe3+ 11. Qxe3 Nxb2 12. Nbd2 b6 13. Ne5 Ba6+ 14.
Kg1 Qc7 15. f4 Rd8 16. Bf1 c4 17. Ndf3 f6 18. Ng4 Bc5 19. Nd4 e5 20. fxe5 fxe5 21. Qg5 exd4 22. Qh5+ Qf7 23. Qe5+ Qe7 24. Qh5+ g6 0-1

[Event "*** SCC Grand Prix: Titled Tuesday Blitz"]
[Site "Chess.com"]
[Date "2020.10.13"]
[Round "4"]
[White "RestartingChess"]
[Black "Julianos82"]
[Result "0-1"]
[WhiteElo "2525"]
[BlackElo "2317"]
[TimeControl "180+1"]
[EndTime "10:37:25 PDT"]
[Termination "Julianos82 won by resignation"]

1. e4 c5 2. Nf3 Nf6 3. e5 Nd5 4. c4 Nc7 5. b3 g6 6. Bb2 Bg7 7. Nc3 O-O 8. Be2 Nc6 9. Ne4 Ne6 10. O-O d6 11. Qc2 dxe5 12. Rfe1 b6 13. Bf1 Ned4 14. Nxd4 exd4 15. Ng3 Bb7 16. Bd3 Nb4 17. Qb1 Nxd3 18.
Qxd3 e5 19. f3 f5 20. a3 Qh4 21. b4 Rae8 22. bxc5 bxc5 23. Qf1 e4 24. f4 Bh6 25.
Ne2 d3 26. g3 dxe2 27. Qf2 Qe7 28. Qxe2 Bg7 29. Rab1 Rd8 30. Bc3 Bxc3 31. dxc3 Bc6 32.
Qe3 Rd7 33. Re2 Rfd8 34. Rbb2 Rd3 35. Qf2 e3 36. Qf1 Qe4 0-1

[Event "*** SCC Grand Prix: Titled Tuesday Blitz"]
[Site "Chess.com"]
[Date "2020.10.13"]
[Round "4"]
[White "novocane"]
[Black "Siemba"]
[Result "1/2-1/2"]
[WhiteElo "2276"]
[BlackElo "2422"]
[TimeControl "180+1"]
[EndTime "10:37:27 PDT"]
[Termination "Game drawn by agreement"]

1. d4 e5 2. dxe5 Nc6 3. Nf3 Qe7 4.
Nc3 Nxe5 5. e4 Nxf3+ 6. Qxf3 d6 7. Bd3 Nf6 8. Bg5 c6 9. O-O Qe5 10. Bf4 Qh5 11. Qe3 Be7 12. h3 O-O 13. Rad1 Be6 14. Be2 Qa5 15. Bxd6 Bxd6 16. Rxd6 Qb4 17. e5 Ne8 18.
Rd2 Nc7 1/2-1/2

[Event "*** SCC Grand Prix: Titled Tuesday Blitz"]
[Site "Chess.com"]
[Date "2020.10.13"]
[Round "4"]
[White "wanyaland"]
[Black "MPGM"]
[Result "1-0"]
[WhiteElo "2314"]
[BlackElo "2427"]
[TimeControl "180+1"]
[EndTime "10:37:28 PDT"]
[Termination "wanyaland won by resignation"]

1. d4 d5 2. c4 c6 3. Nc3 Nf6 4. Nf3 e6 5. e3 Nbd7 6. Bd3 dxc4 7. Bxc4 b5 8. Bd3 a6 9. e4 c5 10. e5 cxd4 11. Nxb5 axb5 12. exf6 gxf6 13. O-O Bc5 14. Bf4 Qb6 15. Qe2 e5 16. Bg3 b4 17. Nxe5 fxe5 18.
Bxe5 Rg8 19. Bd6+ Ne5 20. Qxe5+ Kd7 21. Bxc5 Qe6 22. Bf5 1-0

[Event "*** SCC Grand Prix: Titled Tuesday Blitz"]
[Site "Chess.com"]
[Date "2020.10.13"]
[Round "4"]
[White "bazar-wokzal"]
[Black "Mazetovic"]
[Result "1-0"]
[WhiteElo "2511"]
[BlackElo "2631"]
[TimeControl "180+1"]
[EndTime "10:37:29 PDT"]
[Termination "bazar-wokzal won by checkmate"]

1. e4 c5 2. c3 Nf6 3. e5 Nd5 4. d4 cxd4 5. cxd4 Nc6 6. Nc3 Nxc3 7. bxc3 d6 8. f4 Bf5 9. Nf3 e6 10. Bd3 Bxd3 11. Qxd3 g6 12. O-O d5 13. Kh1 Be7 14.
Bd2 Qd7 15. Rf2 Na5 16. Raf1 Nc4 17. Be1 h5 18. Ng5 Rc8 19. Qh3 b5 20. g4 Rc7 21.
Nxf7 Kxf7 22. f5 Ke8 23. fxg6 h4 24. Rf7 Rg8 25. Bxh4 Rxg6 26. Bxe7 Qxe7 27. Qh8+ Kd7 28. Rxe7+ Kxe7 29. Qh7+ Kd8 30. Rf8# 1-0

[Event "*** SCC Grand Prix: Titled Tuesday Blitz"]
[Site "Chess.com"]
[Date "2020.10.13"]
[Round "4"]
[White "kleopl"]
[Black "niki_2003"]
[Result "1-0"]
[WhiteElo "2467"]
[BlackElo "1772"]
[TimeControl "180+1"]
[EndTime "10:37:30 PDT"]
[Termination "kleopl won by resignation"]

1. e4 c5 2. Nc3 a6 3. d4 cxd4 4. Qxd4 Nc6 5. Qd2 Nf6 6. b3 d6 7. Bb2 g6 8. O-O-O Bg7 9. f3 O-O 10. g4 b5 11. h4 h5 12. g5 Nd7 13. Kb1 Nde5 14. f4 Ng4 15. Bd3 Qb6 16. Nh3 Nd4 17. Nd5 Qb7 18. Rhf1 a5 19. Bxd4 Bxd4 20. Bxb5 Qxb5 21.
Nxe7+ Kh7 22. Qxd4 Ba6 23. Rfe1 Rad8 24. f5 Qe5 25. Nc6 Qg3 26. Nxd8 Rxd8 27. Ng1 Nf2 28. Qa7 Nxd1 29. Qxf7+ Kh8 30. Qf6+ Kh7 31. Qe7+ Kh8 32. Qxd8+ Kh7 33. Rxd1 1-0

[Event "*** SCC Grand Prix: Titled Tuesday Blitz"]
[Site "Chess.com"]
[Date "2020.10.13"]
[Round "4"]
[White "Beca95"]
[Black "grzechu96"]
[Result "1-0"]
[WhiteElo "2911"]
[BlackElo "2694"]
[TimeControl "180+1"]
[EndTime "10:37:32 PDT"]
[Termination "Beca95 won by resignation"]

1. d4 Nf6 2. c4 g6 3. Nc3 d5 4.
Nf3 Bg7 5. Qb3 dxc4 6. Qxc4 O-O 7.
e4 c6 8. Qb3 Be6 9. Qc2 b5 10. h3 a6 11. Be3 Qa5 12. Bd2 b4 13. Nd1 Qb6 14. Ne3 a5 15. Bc4 Bxc4 16. Nxc4 Qb5 17.
b3 Nbd7 18. O-O Rfd8 19. Be3 Nf8 20. a4 bxa3 21. Rxa3 a4 22. bxa4 Qa6 23. Ncd2 Ne6 24. Rc1 Rdc8 25. a5 Ne8 26. Nc4 Rcb8 27. d5 cxd5 28.
exd5 N6c7 29. Nb6 Nb5 30. Ra4 Ra7 31. Qd3 Nbd6 32. Qxa6 Rxa6 33. Rc6 Nf6 34. g4 Nxd5 35. Nxd5 1-0

[Event "*** SCC Grand Prix: Titled Tuesday Blitz"]
[Site "Chess.com"]
[Date "2020.10.13"]
[Round "4"]
[White "deribas12345"]
[Black "m_ezat"]
[Result "1-0"]
[WhiteElo "2695"]
[BlackElo "2525"]
[TimeControl "180+1"]
[EndTime "10:37:33 PDT"]
[Termination "deribas12345 won by resignation"]

1. d4 Nf6 2. c4 g6 3. Nc3 Bg7 4. e4 d6 5. Nge2 O-O 6. Ng3 h5 7. Be2 h4 8. Nf1 c5 9. d5 h3 10.
g4 e6 11. Ng3 exd5 12. cxd5 Re8 13. O-O Nbd7 14. f3 a6 15. a4 Rb8 16. Bg5 Qa5 17.
Qd2 Nh7 18. Bh6 Bh8 19. Kh1 Qb4 20. Nf5 gxf5 21. gxf5 f6 22. f4 Rxe4 23. Bh5 Bg7 24. Rg1 Re7 25. Rae1 Ne5 26. fxe5 fxe5 27. Bxg7 Rxg7 28.
Rxg7+ Kxg7 29. Rg1+ Kh8 30. Qh6 1-0

[Event "*** SCC Grand Prix: Titled Tuesday Blitz"]
[Site "Chess.com"]
[Date "2020.10.13"]
[Round "4"]
[White "SARGISMV"]
[Black "Airquake"]
[Result "1-0"]
[WhiteElo "2512"]
[BlackElo "2626"]
[TimeControl "180+1"]
[EndTime "10:37:34 PDT"]
[Termination "SARGISMV won by resignation"]

1. d4 Nf6 2. Nf3 e6 3. c4 d5 4. Nc3 Be7 5. cxd5 exd5 6. Bg5 Nbd7 7. e3 h6 8. Bh4 O-O 9. Bd3 b6 10. O-O Bb7 11. Rc1 c5 12. Bb1 Ne4 13. Bxe7 Qxe7 14.
dxc5 Nxc3 15. Rxc3 Nxc5 16. Nd4 Rac8 17. Qg4 Ne4 18.
Bxe4 dxe4 19. Nf5 Qf6 20. Rfc1 Rxc3 21. Rxc3 Rd8 22. h3 Bd5 23. Rc7 Be6 24. Ne7+ Kf8 25. Qxe4 Qxb2 26. Rxa7 Re8 27. Qh7 Qb1+ 28. Qxb1 1-0

[Event "*** SCC Grand Prix: Titled Tuesday Blitz"]
[Site "Chess.com"]
[Date "2020.10.13"]
[Round "4"]
[White "kakakz"]
[Black "Colombiano07"]
[Result "1/2-1/2"]
[WhiteElo "2369"]
[BlackElo "2248"]
[TimeControl "180+1"]
[EndTime "10:37:34 PDT"]
[Termination "Game drawn by agreement"]

1. d4 d5 2. c4 c6 3. Nf3 Nf6 4. g3 dxc4 5. Bg2 b5 6. Ne5 Nd5 7. a4 a6 8. O-O Bb7 9. b3 cxb3 10. Qxb3 e6 11. Ba3 Bxa3 12. Nxa3 O-O 13. Nac4 Nd7 14.
Nd6 Qc7 15. Nxd7 Qxd7 16. Ne4 Rab8 17. Nc5 Qe7 18. e4 Nb6 19. a5 Nc4 20. Rfd1 e5 21.
Qb4 exd4 22. Rxd4 Rbd8 23. Rad1 Bc8 24. h3 Rxd4 25. Rxd4 Rd8 26. Ne6 1/2-1/2

[Event "*** SCC Grand Prix: Titled Tuesday Blitz"]
[Site "Chess.com"]
[Date "2020.10.13"]
[Round "4"]
[White "penguingm1"]
[Black "Ermito2020"]
[Result "0-1"]
[WhiteElo "2846"]
[BlackElo "2678"]
[TimeControl "180+1"]
[EndTime "10:37:41 PDT"]
[Termination "Ermito2020 won by resignation"]

1. d4 e6 2. c4 f5 3. Nf3 Nf6 4. g3 Be7 5. Bg2 O-O 6. O-O d5 7. b3 c6 8. Ba3 Bxa3 9. Nxa3 Ne4 10. Nc2 b6 11. Nce1 a5 12. Nd3 Ba6 13. Qc2 Nd7 14. Rac1 Rc8 15. Rfd1 c5 16. cxd5 cxd4 17. Qb2 Nc3 18.
Re1 e5 19. Nfxe5 Nxe5 20. Nxe5 Nxe2+ 21. Rxe2 Rxc1+ 22. Qxc1 Bxe2 23. Nc6 Qf6 24. h4 d3 25. Qe3 f4 26. Qd2 fxg3 27. fxg3 Qf2+ 28. Kh2 Bf1 0-1

[Event "*** SCC Grand Prix: Titled Tuesday Blitz"]
[Site "Chess.com"]
[Date "2020.10.13"]
[Round "4"]
[White "KuzubovYuriy"]
[Black "Keithonsky"]
[Result "1-0"]
[WhiteElo "2883"]
[BlackElo "2579"]
[TimeControl "180+1"]
[EndTime "10:37:43 PDT"]
[Termination "KuzubovYuriy won by checkmate"]

1. d4 d5 2. c4 e6 3. Nf3 Nf6 4. g3 Be7 5. Bg2 O-O 6. O-O dxc4 7. Qc2 a6 8. a4 Bd7 9. Qxc4 Bc6 10. Bg5 Bd5 11. Qc2 c5 12. Bxf6 Bxf6 13. e4 Bc6 14.
dxc5 Nd7 15. Nbd2 Qa5 16. Rfc1 Rac8 17. Nb3 Qb4 18. Qc4 Qxc4 19. Rxc4 Bxb2 20. Rb1 Bf6 21. Na5 Rc7 22. Nxc6 bxc6 23. Rb6 a5 24. Ra6 Rb8 25. h4 h6 26. Rc2 Rb4 27. Rxa5 Rxe4 28. Ra8+ Nf8 29.
Nd2 Re1+ 30. Bf1 g6 31. Nc4 Kg7 32. Nd6 Nd7 33. Ne8+ Kf8 34. Nxc7+ Ke7 35. Re8# 1-0

[Event "*** SCC Grand Prix: Titled Tuesday Blitz"]
[Site "Chess.com"]
[Date "2020.10.13"]
[Round "4"]
[White "doons21"]
[Black "Lenyas66"]
[Result "1-0"]
[WhiteElo "2567"]
[BlackElo "2348"]
[TimeControl "180+1"]
[EndTime "10:37:43 PDT"]
[Termination "doons21 won by resignation"]

1. e4 c5 2. c3 e6 3. d4 d5 4. exd5 Qxd5 5. Nf3 Nf6 6. Bd3 Nc6 7. O-O Be7 8. Qe2 cxd4 9. cxd4 O-O 10. Nc3 Qd6 11.
Bg5 Rd8 12. Rad1 h6 13. Bc1 Nb4 14. Bb1 Nbd5 15. Ne5 b6 16. Nb5 Qb4 17. Nc6 Qa4 18.
b3 Qa6 19. Nxd8 Bxd8 20. Bd3 Qb7 21. Nd6 Qd7 22. Nxc8 Nc3 23. Qf3 Rxc8 24. Rd2 b5 25. h3 Nfd5 26. Be4 Bg5 27. Rc2 Nb4 28. Rxc3 1-0

[Event "*** SCC Grand Prix: Titled Tuesday Blitz"]
[Site "Chess.com"]
[Date "2020.10.13"]
[Round "4"]
[White "AsaHoffmann"]
[Black "MathiasWomacka"]
[Result "0-1"]
[WhiteElo "2329"]
[BlackElo "2498"]
[TimeControl "180+1"]
[EndTime "10:37:43 PDT"]
[Termination "MathiasWomacka won by resignation"]

1. d4 Nf6 2. Bg5 Ne4 3. Bf4 c5 4. f3 Qa5+ 5. c3 Nf6 6. d5 Qb6 7. e4 Qxb2 8. Nd2 Qxc3 9. Bc7 d6 10. Rb1 g6 11. Rb3 Qe5 12. Nc4 Qg5 13. Ba5 Nh5 14. Bd2 Qh4+ 15. g3 Nxg3 16. hxg3 Qxh1 17.
Ne2 Bg7 18. Qb1 O-O 19. Rxb7 Na6 20. Rxe7 Rb8 21. Qd3 Bh3 22. Ne3 Nb4 23. Bxb4 Rxb4 24. Nf4 Bxf1 25. Nxf1 Rfb8 26. Ne2 Rb1+ 0-1

[Event "*** SCC Grand Prix: Titled Tuesday Blitz"]
[Site "Chess.com"]
[Date "2020.10.13"]
[Round "4"]
[White "AlexSuv"]
[Black "TigrVShlyape"]
[Result "0-1"]
[WhiteElo "2537"]
[BlackElo "2845"]
[TimeControl "180+1"]
[EndTime "10:37:47 PDT"]
[Termination "TigrVShlyape won by resignation"]

1. d4 Nf6 2. c4 g6 3. Nc3 Bg7 4. e4 d6 5. Nf3 O-O 6. Be2 e5 7.
Be3 Ng4 8. Bg5 f6 9. Bd2 Nc6 10. d5 Ne7 11. Qc2 f5 12. O-O-O Nxf2 13. Rhf1 Nxd1 14.
Bxd1 h6 15. h3 Bd7 16. Be2 fxe4 17. Nxe4 Nf5 18. Bd3 c6 19. dxc6 bxc6 20. Qb3 Rb8 21. Qa3 d5 22. Nc5 e4 23. Qxa7 Rf7 24. g4 Nd6 25. Ne5 Bxe5 26. Rxf7 Nxf7 27. Nxd7 Ra8 28. Qb7 exd3 29. Bxh6 Nxh6 30. Nxe5 Qg5+ 31. Kb1 Re8 0-1

[Event "*** SCC Grand Prix: Titled Tuesday Blitz"]
[Site "Chess.com"]
[Date "2020.10.13"]
[Round "4"]
[White "eljanov"]
[Black "Korchmar_Vasiliy"]
[Result "1-0"]
[WhiteElo "2855"]
[BlackElo "2571"]
[TimeControl "180+1"]
[EndTime "10:37:48 PDT"]
[Termination "eljanov won on time"]

1. e4 c5 2. Nf3 d6 3. Bb5+ Bd7 4.
Bxd7+ Qxd7 5. c4 e5 6. Nc3 Nc6 7. O-O Be7 8. a3 Bd8 9. Rb1 Ba5 10. Nd5 Nge7 11. b4 cxb4 12. axb4 Nxd5 13. cxd5 Nxb4 14. d4 O-O 15. Bd2 Nxd5 16. Bxa5 Nf4 17. Bd2 Qg4 18. Bxf4 Qxf4 19. Re1 a5 20. Qa4 Rfb8 21. dxe5 dxe5 22. Rb5 b6 23. Rxe5 h6 24. Rf5 Qc7 25. h4 Qc3 26. e5 Rd8 27. e6 fxe6 28. Rxe6 Qc1+ 29.
Kh2 Rd1 30. Qe4 Rh1+ 31. Kg3 Qc7+ 32. Ne5 Qb8 33. Rf7 1-0

[Event "*** SCC Grand Prix: Titled Tuesday Blitz"]
[Site "Chess.com"]
[Date "2020.10.13"]
[Round "4"]
[White "ftorodent"]
[Black "Sanan_Sjugirov"]
[Result "0-1"]
[WhiteElo "2689"]
[BlackElo "2894"]
[TimeControl "180+1"]
[EndTime "10:37:49 PDT"]
[Termination "Sanan_Sjugirov won by resignation"]

1. d4 Nf6 2. c4 e6 3. Nf3 d5 4. Nc3 Nbd7 5. Bg5 Bb4 6. e3 h6 7.
Bh4 g5 8. Bg3 Ne4 9. Rc1 h5 10.
cxd5 exd5 11. Qb3 Bxc3+ 12. bxc3 c6 13. Bd3 h4 14. Be5 f6 15. Bxe4 dxe4 16. Nxg5 Nxe5 17. dxe5 fxg5 18. Qb4 Qd5 19. O-O Qxe5 20. f4 exf3 21. Rxf3 c5 22. Qb1 Qe6 23. Rcf1 Bd7 24. Rf6 Qxe3+ 25. Kh1 O-O-O 26. Qg6 h3 0-1

[Event "*** SCC Grand Prix: Titled Tuesday Blitz"]
[Site "Chess.com"]
[Date "2020.10.13"]
[Round "4"]
[White "Skatchkov_V"]
[Black "MrChampion_Coach"]
[Result "0-1"]
[WhiteElo "2547"]
[BlackElo "2363"]
[TimeControl "180+1"]
[EndTime "10:37:50 PDT"]
[Termination "MrChampion_Coach won by resignation"]

1. d4 Nf6 2. c4 e6 3. Nf3 d5 4. g3 dxc4 5. Bg2 Bd7 6. Qc2 Bc6 7. Qxc4 Bd5 8. Qc2 Nc6 9. e3 Nb4 10.
Qa4+ Bc6 11. Qb3 Be4 12. Qa4+ b5 13. Qxb5+ c6 14. Qc4 Nc2+ 15. Ke2 Nxa1 16. Bd2 Qd5 17. Na3 Nc2 18. Qa4 Nxa3 19. bxa3 Qb5+ 20. Qxb5 cxb5 21.
Rc1 Bd6 22. Bf1 O-O 23. Bc3 Rfc8 24. Nd2 Bd5 25. f3 Bxa3 26. Rc2 b4 27. e4 Rxc3 0-1